 Dungeon Crawl Stone Soup version 0.30.0-10-gfe55d96785 (webtiles) character file.

Game seed: 11670636359439238350

216 monsoonserge the Slasher (level 6, 0/52 HPs)
             Began as a Meteoran Monk on May 16, 2023.
             Slain by an ufetubus (1 damage)
             ... on level 1 of the Dungeon.
             The game lasted 00:10:42 (949 turns).

monsoonserge the Slasher (Meteoran Monk)             Turns: 949, Time: 00:10:42

Health: 0/52       AC:  6    Str: 12    XL:     6   Next: 39%
Magic:  7/7        EV: 13    Int: 13    God:
Gold:   13         SH:  0    Dex: 18    Spells: 5/5 levels left

rFire   . . .        a - +1 falchion
rCold   + . .        d - orb {light}
rNeg    . . .        k - +1 ring mail "Puoqypt Iler" {rC+}
rPois   .            (no helmet)
rElec   .            (no cloak)
rCorr   +            (no gloves)
SInv    .            (no boots)
Will    .....        (no amulet)
Stlth   +            m - ring of resist corrosion
HPRegen 0.28/turn    (no ring)
MPRegen 0.10/turn

%: no passive effects
@: glowing
A: sense surroundings 1, otherworldly, glowing, explore regen
a: no special abilities


You were on level 1 of the Dungeon.
You visited 1 branch of the dungeon, and saw 2 of its levels.

You collected 101 gold pieces.
You spent 88 gold pieces at shops.

Inventory:

Hand Weapons
 a - a +1 falchion (weapon)
Missiles
 h - 4 boomerangs (quivered)
Armour
 b - a +0 robe
 d - an orb of light (worn)
 g - a +0 ring mail
 i - a +0 scale mail
 k - the +1 ring mail "Puoqypt Iler" (worn) {rC+}
   (You found it on level 2 of the Dungeon)

   rC:        It protects you from cold.
Magical Staves
 f - a staff of poison
Jewellery
 m - a ring of resist corrosion (left hand)
Scrolls
 e - a scroll of magic mapping
 n - a scroll of enchant weapon


   Skills:
 + Level 4.2 Fighting
 + Level 5.9 Long Blades
 + Level 1.5 Armour
 + Level 4.9 Dodging


You had 5 spell levels left.
You didn't know any spells.
Your spell library contained the following spells:

 Spells                   Type           Power      Damage    Failure   Level
 Portal Projectile        Hex/Tloc       0%         N/A       90%         3
 Tukima's Dance           Hex            0%         N/A       90%         3
 Blade Hands              Tmut           0%         N/A       100%        5


Dungeon Overview and Level Annotations

Branches:
Dungeon (2/15) Zot: 239

Altars:
Lugonu

Shops:
D:2 !!

Portals:
Abyss: D:1


Innate Abilities, Weirdness & Mutations

You passively map a small area around you.
You are easily found by Zot.
You glow in the dark.
You regain HP and MP as you explore.


Message History

Unknown command.
Press: ? - help, v - describe, . - travel
Here: an endoplasm (haloed)
The floor.
Press: ? - help, v - describe, . - travel The floor.
This square is lit by a halo.
You hit the crimson imp.
The crimson imp is moderately wounded.
The crimson imp hits you but does no damage.
The endoplasm freezes you.
You are frozen.
You resist.
* * * LOW HITPOINT WARNING * * *
The frilled lizard bites you but does no damage.
You closely miss the crimson imp.
The crimson imp is moderately wounded.
The crimson imp hits you but does no damage.
The endoplasm hits you but does no damage.
The frilled lizard barely misses you.
You slash the crimson imp!
The crimson imp is severely wounded.
The crimson imp barely misses you. The endoplasm freezes you.
You are frozen.
You resist.
The frilled lizard bites you but does no damage.
You hit the crimson imp.
The crimson imp is almost dead.
The crimson imp blinks!
The endoplasm hits you but does no damage.
The frilled lizard bites you but does no damage.
You closely miss the frilled lizard. The ufetubus barely misses you. x2
The endoplasm freezes you.
You are frozen.
You resist.
* * * LOW HITPOINT WARNING * * *
The frilled lizard barely misses you.
Unknown command.
You hit the frilled lizard.
You kill the frilled lizard!
The ufetubus hits you.
You die...

* ###########################
#. #....†.....†.......#......#
#.##...########..#...#....#...
#.##...#....* ##..##....##..(.
#.##...#....#####.......#.#...
#.##...#..∩.#.#.85........#...
#.##...#....'........##..#..#.
#.##...#...5)J5............##.
#......#.._.#@#.8......##.....
#.##...#.r55#####.....#......#
#.##...#...5 ##....#...##..#.
#.##...########....#...#..##..
#.##..............#.......##.#
#.##...###........#...#..)#...
#.##.............#....#..#.#..
#.##....................##....
#..###########################


You could see a crimson imp, a shadow imp, an ufetubus and an endoplasm.

Vanquished Creatures
  A quasit (D:1)
  3 iron imps (D:1)
  2 adders (D:2)
  2 shadow imps (D:1)
  2 white imps (D:1)
  An ufetubus (D:1)
  3 ball pythons
  3 bats (D:1)
  2 endoplasms
  4 giant cockroaches (D:1)
  3 goblins
  A hobgoblin (D:2)
  4 quokkas
  7 frilled lizards
  6 kobolds
  4 rats
48 creatures vanquished.

Notes
Turn   | Place    | Note
-------+----------+-------------------------------------------
     0 | D:1      | monsoonserge the Meteoran Monk began the quest for the Orb.
     0 | D:1      | Reached XP level 1. HP: 19/19 MP: 2/2
    49 | D:1      | Reached XP level 2. HP: 14/26 MP: 3/3
    78 | D:1      | Found a large runed translucent door.
    78 | D:1      | Found a large runed translucent door.
    78 | D:1      | Found a corrupted altar of Lugonu.
    79 | D:1      | Noticed a quasit
    79 | D:1      | Noticed a crimson imp
    93 | D:1      | Found a one-way gate to the infinite horrors of the Abyss.
   223 | D:1      | Reached skill level 4 in Long Blades
   253 | D:2      | Reached XP level 3. HP: 22/33 MP: 4/4
   470 | D:2      | Identified the +1 ring mail "Puoqypt Iler" {rC+}
   519 | D:2      | Found Menaepn's Distillery.
   530 | D:2      | Reached XP level 4. HP: 40/40 MP: 5/5
   534 | D:2      | Bought a potion of lignification for 33 gold pieces
   534 | D:2      | Bought a potion of heal wounds for 55 gold pieces
   554 | D:2      | Found Voj Fud's Distillery.
   896 | D:1      | Reached skill level 5 in Long Blades
   896 | D:1      | Reached XP level 5. HP: 46/46 MP: 6/6
   901 | D:1      | Reached skill level 1 in Armour
   920 | D:1      | Reached XP level 6. HP: 17/52 MP: 7/7
   942 | D:1      | HP: 2/52 [ufetubus (2)]
   948 | D:1      | HP: 1/52 [frozen (2)]
   949 | D:1      | Slain by an ufetubus

Illustrated notes

Levels and vault maps discovered:
D:1:      erik_arrival_cave_to_civilisation [erik_arrival_cave_to_temple],
          layout_basic, minmay_indecisive_spiral
D:2:      layout_basic, serial_shops, nicolae_shop_rolling_square,
          nicolae_shop_crystal, shop, minivault_5

Skill      XL: |  1  2  3  4  5 |
---------------+----------------+-----
Long Blades    | 4 5 |  5.9
Dodging        | 4 |  4.9
Fighting       | 4 |  4.2
Armour         | 1 |  1.5

Action                     |  1- 3 |  4- 6 || total
---------------------------+-------+-------++-------
  Melee: Falchion          |    71 |    86 ||   157
    Use: Potion            |       |     4 ||     4
         Scroll            |       |     2 ||     2
 Armour: Robe              |     3 |       ||     3
         Ring mail         |    16 |    33 ||    49
         Scale mail        |     1 |       ||     1
         Skin              |       |   115 ||   115
  Dodge: Dodged            |    49 |    61 ||   110
